cohdb
Replays
Latest Replays
All Replays
Popular Replays
Top Player Replays
Match Explorer
How It Works
Community
CoH3 Stats
Reddit
Sign in to upload your games and track your stats! →
Sign in with Steam
Match 41614036
Unlisted
Match 41614036
Overview
Messages
Build Orders
End
Construct Section Command Post
Infantry Section
Dingo Light Scout Car
Infantry Section
Selects Heavy Armor Battlegroup
Infantry Section
Construct Platoon Command Post
Humber Armored Car
Selects Rigorous Vehicle Training
Selects Light Vehicle Withdraw and Refit
6-pounder Anti-tank Gun Team
Light Vehicle Withdraw and Refit
Infantry Training
ML 3-inch Mortar Team
Grenade Package
6-pounder Anti-tank Gun Team
CMP 15cwt Truck
Construct Company Command Post
Selects Radio Net
Vickers Machine Gun Team
Crusader II Medium Tank
Royal Engineer Section
Selects Recon Artillery
Crusader II Medium Tank
Crusader II Medium Tank
Royal Engineer Section
Crusader II Medium Tank
Recon Artillery
Armored Vehicle Training
Selects Forward Repair Assembly
Crusader II Medium Tank
Infantry Section
Crusader II Medium Tank
Recon Artillery
Radio Net
Royal Engineer Section
Selects Churchill Black Prince Heavy Tank
Churchill Black Prince Heavy Tank
Recon Artillery
Sukulaku
expoHyde
Pilkas
Drink||Chouchen
Drink||Kir
Drink||Karmeliet
0
0
Comments
sign in to comment!
No comments posted yet!